 Dungeon Crawl Stone Soup version 0.30-a0-1050-g2766ea1e55 (webtiles) character file.

Game seed: 1634476590980622507

1075 Gynju the Shield-Bearer (level 8, 0/71 HPs)
             Began as a Minotaur Fighter on Apr 11, 2023.
             Slain by Duvessa
             ... wielding a +0 short sword
              (1 damage)
             ... on level 4 of the Dungeon.
             The game lasted 00:04:54 (3749 turns).

Gynju the Shield-Bearer (Minotaur Fighter)          Turns: 3749, Time: 00:04:54

Health: 0/71       AC:  9    Str: 23    XL:     8   Next: 8%
Magic:  7/7        EV:  9    Int:  5    God:
Gold:   271        SH:  5    Dex: 10    Spells: 7/7 levels left

rFire   . . .      SeeInvis .    a - +0 war axe
rCold   . . .      Faith    .    c - +0 buckler
rNeg    . . .      Spirit   .    b - +0 scale mail
rPois   .          Reflect  .    (helmet restricted)
rElec   .          Rampage  .    m - +0 cloak
rCorr   .                        (no gloves)
Will    .....                    (no boots) Stlth
                                 (no amulet)
HPRegen 0.31/turn                (no ring)
MPRegen 0.10/turn                (no ring)

@: lit by a corona, glowing
A: horns 2, retaliatory headbutt
a: no special abilities


You were on level 4 of the Dungeon.
You visited 1 branch of the dungeon, and saw 4 of its levels.

You collected 271 gold pieces.

Inventory:

Hand Weapons
 a - a +0 war axe (weapon)
Armour
 b - a +0 scale mail (worn)
 c - a +0 buckler (worn)
 m - a +0 cloak (worn)
Jewellery
 e - an amulet of reflection
Wands
 h - a wand of mindburst (16)
Scrolls
 i - a scroll of fear {unknown}
 k - 4 scrolls of identify {unknown}
 o - a scroll of acquirement {unknown}
Potions
 d - a potion of might
 f - 3 potions of curing {unknown}
 g - a potion of magic {unknown}
 j - a potion of lignification {unknown}
 l - 2 potions of heal wounds {unknown}
 n - a potion of berserk rage {unknown}


   Skills:
 + Level 6.7 Fighting
 + Level 6.1 Axes
 + Level 6.7 Armour
 + Level 6.7 Shields


You had 7 spell levels left.
You didn't know any spells.
Your spell library contained the following spells:

 Spells                   Type           Power      Damage    Failure   Level
 Apportation              Tloc           0%         N/A       83%         1
 Necrotise                Necr           0%         1d4       83%         1
 Vampiric Draining        Necr           0%         2d6       99%         3
 Agony                    Necr           0%         N/A       100%        5
 Alistair's Intoxication  Tmut/Pois      0%         N/A       100%        5


Dungeon Overview and Level Annotations

Branches:
Dungeon (4/15)
 Temple: D:4-7

Altars:
Nemelex Xobeh
Vehumet
Yredelemnul

Annotations:
D:4 Duvessa


Innate Abilities, Weirdness & Mutations

You have a pair of horns on your head.
You reflexively headbutt those who attack you in melee.


Message History

Dowan is moderately wounded.
You hit Duvessa but do no damage. Duvessa hits you with a +0 short sword.
You block Dowan's attack. Duvessa hits you but does no damage.
Dowan hits you with a +0 dagger.
You barely miss Dowan.
Dowan is moderately wounded.
You hit Duvessa.
Duvessa hits you with a +0 short sword. x2
Dowan hits you but does no damage.
You barely miss Dowan. Your headbutt misses Dowan.
Dowan is moderately wounded.
You slash Duvessa! Duvessa hits you but does no damage.
You block Dowan's attack. Duvessa hits you with a +0 short sword!
You miss Dowan.
Dowan is moderately wounded.
You hit Duvessa. Duvessa closely misses you. Dowan hits you but does no damage.
Duvessa hits you with a +0 short sword.
You hit Dowan. Your headbutt misses Dowan.
Dowan is moderately wounded.
You closely miss Duvessa. You block Dowan's attack. You block Duvessa's attack.
You hit Dowan. Your headbutt misses Dowan.
Dowan is heavily wounded.
You hit Duvessa. Duvessa hits you with a +0 short sword!
Dowan hits you but does no damage. Duvessa hits you with a +0 short sword.
Dowan barely misses you.
You slash Dowan! You headbutt Dowan.
You kill Dowan!
Duvessa screams, "No!
How DARE you!"
Duvessa goes berserk!
You hit Duvessa. Duvessa hits you with a +0 short sword!
* * * LOW HITPOINT WARNING * * *
You block Duvessa's attack. Duvessa hits you with a +0 short sword!
* * * LOW HITPOINT WARNING * * *
You block Duvessa's attack.
Things that are here:
a +0 dagger; a +0 robe Duvessa completely misses you.
You barely miss Duvessa. You headbutt Duvessa!
Duvessa is severely wounded.
You block Duvessa's attack. Duvessa hits you with a +0 short sword.
You die...

...........##.##..#####.#
#..#.##.#.#.##.##..###....
...#.##.#.#.##.##......###
................####.#..
..........####### #.#..
.#.##.#...# ####.'.. #
..........#######....#..
........e....##....#.#..
.......@)..#.........###
.######...##.##.#.##....
###...##....#.####.#
.......#..###.####.#
#...................
#.##...#.##.#.#####.
###.##.....##.#.#.....
........)#<)...###.##
#..#...####.#.# #.##


You could see Duvessa (berserk, fast).

Vanquished Creatures
  Pikel (D:4)
  Menkaure (D:4)
  A phantom (D:4)
  A scorpion (D:4)
  Dowan (D:4)
  A hound (D:4)
  An orc priest (D:4)
  Terence (D:2)
  2 iguanas (D:4)
  An orc wizard (D:3)
  Robin (D:2)
  4 adders (D:2)
  4 dart slugs
  3 orcs
  6 endoplasms
  12 goblins
  16 hobgoblins
  8 jackals (D:2)
  2 quokkas
  3 ball pythons
  5 bats
  A frilled lizard (D:1)
  7 kobolds
  4 rats
87 creatures vanquished.

Notes
Turn   | Place    | Note
-------+----------+-------------------------------------------
     0 | D:1      | Gynju the Minotaur Fighter began the quest for the Orb.
     0 | D:1      | Reached XP level 1. HP: 19/19 MP: 0/0
   325 | D:1      | Reached XP level 2. HP: 23/27 MP: 1/1
   966 | D:2      | Reached XP level 3. HP: 31/33 MP: 2/2
  1011 | D:2      | Found a basalt altar of Yredelemnul.
  1011 | D:2      | Noticed Robin
  1051 | D:2      | Killed Robin
  1134 | D:2      | Noticed Terence
  1144 | D:2      | Killed Terence
  1145 | D:2      | Reached XP level 4. HP: 8/41 MP: 3/3
  1770 | D:3      | Found a sparkling altar of Nemelex Xobeh.
  1861 | D:3      | Reached XP level 5. HP: 42/47 MP: 4/4
  2460 | D:4      | Noticed a phantom
  2497 | D:4      | Killed a phantom
  2498 | D:4      | Reached skill level 5 in Fighting
  2498 | D:4      | Reached skill level 5 in Armour
  2498 | D:4      | Reached skill level 5 in Shields
  2537 | D:4      | Reached XP level 6. HP: 39/56 MP: 5/5
  2796 | D:4      | Noticed Duvessa
  2874 | D:4      | Noticed Dowan
  3082 | D:4      | Found a radiant altar of Vehumet.
  3322 | D:4      | Noticed Menkaure
  3329 | D:4      | Killed Menkaure
  3330 | D:4      | Reached skill level 5 in Axes
  3330 | D:4      | Reached XP level 7. HP: 25/62 MP: 6/6
  3472 | D:4      | Noticed Pikel
  3491 | D:4      | Killed Pikel
  3492 | D:4      | Reached XP level 8. HP: 20/71 MP: 7/7
  3746 | D:4      | Killed Dowan
  3747 | D:4      | HP: 1/71 [Duvessa/+0 short sword (14)]
  3749 | D:4      | Slain by Duvessa

Illustrated notes

Levels and vault maps discovered:
D:1:      reono_arrival_forest_river, layout_loops_corners
D:2:      layout_rooms, basic_altar, uniq_terence, uniq_robin
D:3:      layout_loops_cross, nemelex_xobeh_ov_fountains_minmay, minmay_unequal
D:4:      layout_basic, nicolae_qazlal_eye_of_the_storm, amcnicky_altar_gilded,
          minmay_temple_entry_waves, uniq_pikel, uniq_menkaure, uniq_duvessa,
          uniq_edmund

Skill      XL: |  1  2  3  4  5  6  7 |
---------------+----------------------+-----
Armour         | 4 5 6 |  6.7
Fighting       | 4 5 6 |  6.7
Axes           | 3 4 5 6 |  6.1
Shields        | 4 5 6 |  6.7

Action                     |  1- 3 |  4- 6 |  7- 9 || total
---------------------------+-------+-------+-------++-------
  Melee: War axe           |    75 |   115 |    36 ||   226
         Headbutt          |     5 |    19 |     8 ||    32
    Use: Scroll            |     3 |       |       ||     3
 Armour: Scale mail        |    42 |    50 |     9 ||   101
  Dodge: Dodged            |    38 |    49 |    17 ||   104
  Block: Buckler           |    18 |    30 |    11 ||    59

Table legend: (Time is in decaauts)
 A = Elapsed time spent in this place.
 B = Non-inter-level travel time spent in this place.
 C = Inter-level travel time spent in this place.
 D = Time resting spent in this place.
 E = Time spent auto-exploring this place.
 F = Levels seen in this place.
 G = Mean time per level.
                   A        B        C        D        E       F      G
               +--------+--------+--------+--------+--------+-----+--------+
         Total |   3845 |   3747 |     98 |    273 |   2752 |   4 |  961.2 |
       Dungeon |   3845 |   3747 |     98 |    273 |   2752 |   4 |  961.2 |
               +--------+--------+--------+--------+--------+-----+--------+

Top non-repeatable levels by time:
     D:4: 1150 daAuts
     D:1: 1113 daAuts
     D:3: 903 daAuts
     D:2: 677 daAuts
